 Dungeon Crawl Stone Soup version 0.29.1-12-g30fa7ad0bf (webtiles) character file.

Game seed: 2703755538745541004

111 xian the Caller (level 4, -1/34 HPs)
             Began as a Demigod Wanderer on Jan 7, 2023.
             Slain by a gnoll
             ... wielding a +0 halberd
              (13 damage)
             ... on level 3 of the Dungeon.
             The game lasted 00:06:59 (3767 turns).

xian the Caller (Demigod Wanderer)                  Turns: 3767, Time: 00:07:00

Health: -1/34      AC:  4    Str: 18    XL:     4   Next: 36%
Magic:  9/9        EV:  7    Int: 13    God:
Gold:   162        SH: 10    Dex: 28    Spells: 5/6 levels left

rFire   . . .      SeeInvis .   a - +0 mace
rCold   . . .      Faith    .   h - +0 kite shield
rNeg    . . .      Spirit   .   q - +0 robe of Curiosity {+Blink}
rPois   .          Reflect  .   (no helmet)
rElec   .          Harm     .   (no cloak)
rCorr   .          Rampage  .   m - +1 pair of gloves {Dex+3}
Will    .....                   (no boots)
Stlth   +++.......              s - amulet of magic regeneration
HPRegen 0.11/turn               t - +6 ring of dexterity
MPRegen 0.51/turn               u - +6 ring of dexterity

@: constricted
A: high MP 1, forlorn, divine attributes
a: Evoke Blink


You were on level 3 of the Dungeon.
You visited 1 branch of the dungeon, and saw 3 of its levels.

You collected 162 gold pieces.

Inventory:

Hand Weapons
 a - a +0 mace (weapon)
 c - a +0 dagger
Missiles
 b - 15 poisoned darts (quivered)
Armour
 h - a +0 kite shield (worn)
 m - a +1 pair of gloves of dexterity (worn)
 q - the +0 robe of Curiosity (worn) {+Blink}
   (You took it off a goblin on level 2 of the Dungeon)

   +Blink:    It lets you blink.
Jewellery
 s - an amulet of magic regeneration (around neck)
 t - a +6 ring of dexterity (left hand)
 u - a +6 ring of dexterity (right hand)
Wands
 r - a wand of iceblast (14)
Scrolls
 g - 2 scrolls of noise {unknown}
 i - a scroll of butterflies {unknown}
 j - a scroll of poison {unknown}
 k - 5 scrolls of identify {unknown}
 n - a scroll of immolation {unknown}
 o - a scroll of enchant weapon {unknown}
 p - a scroll of fear {unknown}
 w - a scroll of teleportation {unknown}
 x - a scroll of vulnerability {unknown}
 y - a scroll of brand weapon {unknown}
Potions
 d - a potion of attraction
 e - 2 potions of cancellation {unknown}
 f - 2 potions of haste {unknown}
 l - 3 potions of curing {unknown}
 v - a potion of invisibility {unknown}


   Skills:
 + Level 0.5 Fighting
 + Level 2.6 Maces & Flails
 + Level 1.8 Throwing
 + Level 0.8 Armour
 + Level 0.9 Dodging
 + Level 2.3 Stealth
 + Level 0.9 Shields
 + Level 1.9 Spellcasting
 + Level 2.9 Summonings


You had 5 spell levels left.
You knew the following spells:

 Your Spells              Type           Power      Damage    Failure   Level
a - Summon Small Mammal   Summ           32%        N/A       26%         1

Your spell library contained the following spells:

 Spells                   Type           Power      Damage    Failure   Level
 Summon Ice Beast         Ice/Summ       5%         N/A       99%         4
 Summon Lightning Spire   Summ/Air       5%         N/A       99%         4


Dungeon Overview and Level Annotations

Branches:
Dungeon (3/15)

Annotations:
D:3 Natasha


Innate Abilities, Weirdness & Mutations

You have an increased reservoir of magic. (+10% MP)
You shall have no god before yourself.
Your divine heritage dramatically boosts your attributes as you level up.


Message History

k - 5 scrolls labelled KAQOUP FILIL (gained 1) Natasha, Servant of Life and Death comes into view.
A ball python and a dart slug come into view.
The dart slug launches a dart at you. The slug dart hits you.
Throw: 17 darts (poison)
Press: ? - help, Q - select action, (/) - cycle Shift-Dir - straight line, f - gnoll
Aim: a gnoll, wielding a +0 spear (69% to hit)
You throw a poisoned dart. The poisoned dart hits the gnoll.
The gnoll is poisoned.
The ball python hisses angrily.
The gnoll hits you from afar with a +0 spear.
Throw: 16 darts (poison)
Press: ? - help, Q - select action, (/) - cycle Shift-Dir - straight line, f/p - gnoll
Aim: a gnoll, wielding a +0 spear (poisoned, 69% to hit)
You throw a poisoned dart. The poisoned dart hits the gnoll.
The gnoll looks even sicker.
The gnoll hits you but does no damage. The gnoll barely misses you.
The ball python bites you. The ball python barely misses you.
You block the ball python's attack. The ball python grabs you.
The ball python constricts you.
You escape the ball python's grasp.
The ball python attacks as you move away!
You block the ball python's attack. x2
You kill the gnoll!
The ball python attacks as you move away!
The ball python bites you but does no damage.
The ball python closely misses you.
You hit the ball python but do no damage.
The ball python closely misses you. You block the ball python's attack.
The ball python bites you. You block the ball python's attack.
You hit the ball python.
The ball python is severely wounded.
The ball python bites you but does no damage.
The ball python grabs you. The ball python constricts you.
You block the ball python's attack. The ball python constricts you.
You barely miss the ball python.
The ball python is severely wounded.
The gnoll hits you from afar with a +0 halberd!
You die...

#..#..#................#
..†...#.#####~~≈####.#.#
#..†....# #..~≈~≈~~.....#.#
)..#.#### #...~..~≈≈~.....
####.# #...#####≈~≈...### #
.....# #...# #~......#.#
#############...# .........#
####......#.###### ......#
..#.####.#..@Sgw####...#
#..####..#.###g....)..#
#......###.....####.##
####.......#.#.#..## #.# .
#.......#.#.##....g. #g# .#
#.##......#.......#.##g#
#.##.##.##.###.####..#.g.g#
#........g.gg.g..........#
#....#.######.#########.####


You could see 2 gnolls, a dart slug and a ball python.

Vanquished Creatures
  A gnoll (D:3)
  2 adders
  2 worms
  A dart slug (D:3)
  8 bats
  7 endoplasms
  A giant cockroach (D:2)
  4 goblins
  5 hobgoblins
  14 jackals (D:2)
  3 quokkas
  6 ball pythons
  4 frilled lizards
  7 kobolds
  4 rats
69 creatures vanquished.

Notes
Turn   | Place    | Note
-------+----------+-------------------------------------------
     0 | D:1      | xian the Demigod Wanderer began the quest for the Orb.
     0 | D:1      | xian set off with the following items: a +0 mace, 12
                  | poisoned darts, a +0 dagger, a potion of attraction, a +0
                  | leather armour; and the following spell memorised: Summon
                  | Small Mammal; and the following spells available to
                  | memorise: Summon Ice Beast, Summon Lightning Spire.
     0 | D:1      | Reached XP level 1. HP: 14/14 MP: 5/5
   796 | D:1      | Reached XP level 2. HP: 20/20 MP: 7/7
  2261 | D:2      | Reached XP level 3. HP: 26/26 MP: 8/8
  2284 | D:2      | Identified the +0 robe of Curiosity {+Blink}
  3534 | D:3      | Reached XP level 4. HP: 34/34 MP: 9/9
  3747 | D:3      | Noticed Natasha
  3767 | D:3      | Slain by a gnoll

Illustrated notes

Levels and vault maps discovered:
D:1:      lemuel_arrival_broad_hall, layout_loops_ring, kennysheep_crisscross,
          minmay_tetromino_o4
D:2:      layout_basic, minmay_misc_feat_iff
D:3:      layout_loops_cross, roderic_serpentine_path,
          chequers_serial_rivers_small_a, minmay_fractal_squares_5, uniq_natasha

Skill      XL: |  1  2  3 |
---------------+----------+-----
Stealth        | 2 |  2.3
Maces & Flails | 2 |  2.6
Fighting       | |  0.5
Throwing       | |  1.8
Armour         | |  0.8
Dodging        | |  0.9
Shields        | |  0.9
Spellcasting   | |  1.9
Summonings     | |  2.9

Action                   |  1- 3 |  4- 6 || total
-------------------------+-------+-------++-------
Melee: Mace              |   217 |    26 ||   243
Throw: Dart              |     8 |     2 ||    10
 Stab: Sleeping          |     3 |     1 ||     4
Armor: Leather armour    |    72 |       ||    72
       Robe              |    47 |     7 ||    54
Dodge: Dodged            |   139 |    12 ||   151
Block: Kite shield       |   120 |    16 ||   136
